NWL
HILLSBORO HOPS @ SPOKANE INDIANS
08/11/2098
 
TOP OF THE 1ST
Hillsboro Hops batting - Pitching for Spokane Indians : RHP Chris Lewis
Pitching: RHP Chris Lewis
Batting: RHB Paul Kish 0-0: SINGLE (Line Drive, 7LS, EV 94.4 MPH)
Batting: SHB Brian Warfel 0-0: Swinging Strike
0-1: Foul Ball, location: 5F
0-2: Foul Ball, location: 23F
0-2: Ball
1-2: Strikes out swinging
Batting: LHB Alex Rosales 0-0: Called Strike
0-1: Foul Ball, location: 7LSF
0-2: Ball
1-2: Strikes out swinging
Paul Kish is caught stealing 2nd base 2-6
Batter strikes out.
Top of the 1st over - 0 runs, 1 hit, 0 errors, 0 left on base; Hillsboro 0 - Spokane 0
BOTTOM OF THE 1ST
Spokane Indians batting - Pitching for Hillsboro Hops : RHP Wilmer Nickel
Pitching: RHP Wilmer Nickel
Batting: RHB Chris Delaney 0-0: Fly out, F7 (Flyball, 7LM, EV 94.4 MPH)
Batting: RHB Zyaire Spencer 0-0: Called Strike
0-1: Called Strike
0-2: Ball
1-2: Strikes out looking
Batting: LHB Danny Luna 0-0: Called Strike
0-1: DOUBLE (Flyball, 78D, EV 107.5 MPH)
Batting: LHB Justin Howard 0-0: Ball
1-0: Ball
2-0: SINGLE (Line Drive, 9S, EV 99.4 MPH)
Danny Luna to third
Runner from 3rd tries for Home, SAFE, throw by RF to home
Batting: RHB Manny Valdenegro 0-0: Ball
1-0: Fly out, F8 (Line Drive, 8RM, EV 90.6 MPH)
Bottom of the 1st over - 1 run, 2 hits, 0 errors, 1 left on base; Hillsboro 0 - Spokane 1
TOP OF THE 2ND
Hillsboro Hops batting - Pitching for Spokane Indians : RHP Chris Lewis
Batting: RHB Bobby Bye 0-0: Ball
1-0: Called Strike
1-1: Ball
2-1: Ball
3-1: Foul Ball, location: 2F
3-2: Strikes out swinging
Batting: LHB Mike Watson 0-0: Ball
1-0: Ball
2-0: Called Strike
2-1: Swinging Strike
2-2: Foul Ball, location: 23F
2-2: Foul Ball, location: 3FF
2-2: SINGLE (Flyball, 8RS, EV 98.8 MPH)
Batting: RHB Luke Arnold 0-0: Called Strike
0-1: Grounds into double play, 4-6-3 (Groundball, 4, EV 100.6 MPH)
Top of the 2nd over - 0 runs, 1 hit, 0 errors, 0 left on base; Hillsboro 0 - Spokane 1
BOTTOM OF THE 2ND
Spokane Indians batting - Pitching for Hillsboro Hops : RHP Wilmer Nickel
Batting: RHB Seth Rulo 0-0: Called Strike
0-1: Swinging Strike
0-2: Ball
1-2: Ball
2-2: Foul Ball, location: 2F
2-2: Foul Ball, location: 9LDF
2-2: Foul Ball, location: 2F
2-2: Strikes out swinging, 2-3 out at first.
Batting: LHB Branden Clark 0-0: Called Strike
0-1: Swinging Strike
0-2: Foul Ball, location: 5SF
0-2: Fly out, F9 (Flyball, 9, EV 94.4 MPH)
Batting: RHB Kevin Norvell 0-0: Swinging Strike
0-1: Swinging Strike
0-2: Strikes out looking
Bottom of the 2nd over - 0 runs, 0 hits, 0 errors, 0 left on base; Hillsboro 0 - Spokane 1
TOP OF THE 3RD
Hillsboro Hops batting - Pitching for Spokane Indians : RHP Chris Lewis
Batting: SHB Jeremy Davis 0-0: Ball
1-0: Ball
2-0: Ball
3-0: Called Strike
3-1: Called Strike
3-2: Foul Ball, location: 2LF
3-2: Base on Balls
Batting: RHB Larry Wingo 0-0: Fly out, F7 (Line Drive, 7, EV 86.9 MPH)
Batting: RHB David Grigg 0-0: Ball
1-0: Ball
2-0: DOUBLE (Flyball, 7LD, EV 108.1 MPH)
Jeremy Davis to third
Runner from 3rd tries for Home, SAFE, no throw by LF
Batting: RHB Paul Kish 0-0: Ground out 6-3 (Groundball, 6MD, EV 100.6 MPH)
Batting: SHB Brian Warfel 0-0: Foul Ball, location: 25FF
0-1: Foul Ball, location: 25FF
0-2: Ball
1-2: Strikes out swinging
Top of the 3rd over - 1 run, 1 hit, 0 errors, 1 left on base; Hillsboro 1 - Spokane 1
BOTTOM OF THE 3RD
Spokane Indians batting - Pitching for Hillsboro Hops : RHP Wilmer Nickel
Batting: SHB Pablo Cuevas 0-0: Ball
1-0: Foul Ball, location: 2F
1-1: SINGLE (Groundball, 34D, EV 110.6 MPH)
Batting: RHB Chris Delaney 0-0: Called Strike
0-1: Ball
1-1: Ball
2-1: Ball
3-1: Called Strike
3-2: Grounds into double play, 6-4-3 (Groundball, 6, EV 85.0 MPH)
Batting: RHB Zyaire Spencer 0-0: Called Strike
0-1: Ball
1-1: DOUBLE (Line Drive, 9LS, EV 100.0 MPH)
Batting: LHB Danny Luna 0-0: Called Strike
0-1: Foul Ball, location: 2F
0-2: SINGLE (Groundball, 6S, EV 72.5 MPH) (infield hit)
Zyaire Spencer to third
Batting: LHB Justin Howard 0-0: Ball
1-0: Called Strike
1-1: Ball
2-1: Ball
3-1: Called Strike
3-2: Foul Ball, location: 7LMF
3-2: Foul Ball, location: 2F
3-2: Foul Ball, location: 2F
3-2: Foul Ball, location: 3F
3-2: DOUBLE (Flyball, 89D, EV 91.9 MPH)
Zyaire Spencer scores
Danny Luna to third
Danny Luna scores
Batting: RHB Manny Valdenegro 0-0: Called Strike
0-1: Called Strike
0-2: Ball
1-2: Fly out, F7 (Line Drive, 78S, EV 86.3 MPH)
Bottom of the 3rd over - 2 runs, 4 hits, 0 errors, 1 left on base; Hillsboro 1 - Spokane 3
TOP OF THE 4TH
Hillsboro Hops batting - Pitching for Spokane Indians : RHP Chris Lewis
Batting: LHB Alex Rosales 0-0: Foul Ball, location: 2F
0-1: Called Strike
0-2: Ball
1-2: Strikes out swinging, 2-3 out at first.
Batting: RHB Bobby Bye 0-0: Called Strike
0-1: Ball
1-1: Foul Ball, location: 2RF
1-2: Ball
2-2: Foul Ball, location: 9LDF
2-2: Foul Ball, location: 9LDF
2-2: Ground out 3-1 (Groundball, 34, EV 88.1 MPH)
Batting: LHB Mike Watson 0-0: Ball
1-0: Ball
2-0: DOUBLE (Flyball, 78D, EV 106.3 MPH)
Batting: RHB Luke Arnold 0-0: Foul Ball, location: 5SF
0-1: Foul Ball, location: 2F
0-2: Ball
1-2: Fly out, F9 (Flyball, 9, EV 90.6 MPH)
Top of the 4th over - 0 runs, 1 hit, 0 errors, 1 left on base; Hillsboro 1 - Spokane 3
BOTTOM OF THE 4TH
Spokane Indians batting - Pitching for Hillsboro Hops : RHP Wilmer Nickel
Batting: RHB Seth Rulo 0-0: Called Strike
0-1: Fly out, F8 (Flyball, 8RD, EV 95.0 MPH)
Batting: LHB Branden Clark 0-0: Ball
1-0: DOUBLE (Flyball, 78XD, EV 108.8 MPH)
Batting: RHB Kevin Norvell 0-0: DOUBLE (Line Drive, 7LS, EV 93.8 MPH)
Branden Clark scores
Batting: SHB Pablo Cuevas 0-0: Called Strike
0-1: Ball
1-1: Foul Ball, location: 7LSF
1-2: Ball
2-2: Foul Ball, location: 7LDF
2-2: Foul Ball, location: 5SF
2-2: Ball
3-2: DOUBLE (Line Drive, 89M, EV 90.0 MPH)
Kevin Norvell scores
Pitching: RHP Miguel Rico
Batting: RHB Chris Delaney 0-0: Ground out 1-3 (Groundball, 15S, EV 61.3 MPH)
Batting: RHB Zyaire Spencer 0-0: Ball
1-0: Fly out, F4 (Line Drive, 34D, EV 62.5 MPH)
Bottom of the 4th over - 2 runs, 3 hits, 0 errors, 1 left on base; Hillsboro 1 - Spokane 5
TOP OF THE 5TH
Hillsboro Hops batting - Pitching for Spokane Indians : RHP Chris Lewis
Batting: SHB Jeremy Davis 0-0: Called Strike
0-1: Fly out, F7 (Flyball, 7D, EV 91.9 MPH)
Batting: RHB Larry Wingo 0-0: Ball
1-0: SINGLE (Line Drive, 8LS, EV 111.3 MPH)
Batting: RHB David Grigg 0-0: Ball
1-0: Ground out 4-3 (Groundball, 34, EV 94.4 MPH)
Larry Wingo to second
Batting: RHB Paul Kish 0-0: Ball
1-0: Foul Ball, location: 5F
1-1: Ball
2-1: Ground out 1-3 (Groundball, 15, EV 66.9 MPH)
Top of the 5th over - 0 runs, 1 hit, 0 errors, 1 left on base; Hillsboro 1 - Spokane 5
BOTTOM OF THE 5TH
Spokane Indians batting - Pitching for Hillsboro Hops : RHP Miguel Rico
Batting: LHB Danny Luna 0-0: Ball
1-0: Foul Ball, location: 2F
1-1: DOUBLE (Groundball, 3L, EV 106.3 MPH)
Batting: LHB Justin Howard 0-0: Ball
1-0: Foul Ball, location: 2F
1-1: Foul Ball, location: 2LF
1-2: Foul Ball, location: 3F
1-2: Strikes out swinging
Batting: RHB Manny Valdenegro 0-0: Swinging Strike
0-1: Foul Ball, location: 25F
0-2: Strikes out swinging
Batting: RHB Seth Rulo 0-0: Ball
1-0: Called Strike
1-1: DOUBLE (Flyball, 8LD, EV 90.0 MPH)
Danny Luna scores
Batting: LHB Branden Clark 0-0: SINGLE (Line Drive, 9S, EV 93.8 MPH)
Seth Rulo to third
Runner from 3rd tries for Home, SAFE, throw by RF to home
Branden Clark to second
Batting: RHB Kevin Norvell 0-0: Ball
1-0: Fly out, F5 (Popup, 5L, EV 63.1 MPH)
Bottom of the 5th over - 2 runs, 3 hits, 0 errors, 1 left on base; Hillsboro 1 - Spokane 7
TOP OF THE 6TH
Hillsboro Hops batting - Pitching for Spokane Indians : RHP Chris Lewis
Batting: SHB Brian Warfel 0-0: Called Strike
0-1: Foul Ball, location: 25F
0-2: Ball
1-2: Strikes out swinging
Batting: LHB Alex Rosales 0-0: Ground out 6-3 (Groundball, 4, EV 85.6 MPH)
Batting: RHB Bobby Bye 0-0: Called Strike
0-1: Fly out, F8 (Flyball, 8LS, EV 91.3 MPH)
Top of the 6th over - 0 runs, 0 hits, 0 errors, 0 left on base; Hillsboro 1 - Spokane 7
BOTTOM OF THE 6TH
Spokane Indians batting - Pitching for Hillsboro Hops : RHP Miguel Rico
Batting: SHB Pablo Cuevas 0-0: Foul Ball, location: 7LDF
0-1: Ball
1-1: Ball
2-1: Called Strike
2-2: Foul Ball, location: 7LSF
2-2: Ball
3-2: Strikes out swinging
Batting: RHB Chris Delaney 0-0: Ball
1-0: Called Strike
1-1: SINGLE (Line Drive, 89S, EV 97.5 MPH)
Batting: RHB Zyaire Spencer 0-0: Fielders Choice at 2nd, 6-4 (Groundball, 6, EV 78.1 MPH)
Batting: LHB Danny Luna 0-0: Fly out, F5 (Popup, 5SF, EV 84.4 MPH)
Bottom of the 6th over - 0 runs, 1 hit, 0 errors, 1 left on base; Hillsboro 1 - Spokane 7
TOP OF THE 7TH
Hillsboro Hops batting - Pitching for Spokane Indians : RHP Chris Lewis
Batting: LHB Mike Watson 0-0: Ball
1-0: Fly out, F9 (Flyball, 9, EV 88.1 MPH)
Batting: RHB Luke Arnold 0-0: Foul Ball, location: 9LDF
0-1: Ball
1-1: Foul Ball, location: 2F
1-2: Ball
2-2: Ground out 3-1 (Groundball, 34, EV 98.8 MPH)
Batting: SHB Jeremy Davis 0-0: Ground out 5-3 (Groundball, 5S, EV 78.1 MPH)
Top of the 7th over - 0 runs, 0 hits, 0 errors, 0 left on base; Hillsboro 1 - Spokane 7
BOTTOM OF THE 7TH
Spokane Indians batting - Pitching for Hillsboro Hops : RHP Miguel Rico
Batting: LHB Justin Howard 0-0: Ball
1-0: Foul Ball, location: 7LDF
1-1: Called Strike
1-2: Fly out, F4 (Popup, 4D, EV 56.3 MPH)
Batting: RHB Manny Valdenegro 0-0: Foul Ball, location: 3F
0-1: Foul Ball, location: 2F
0-2: Ball
1-2: DOUBLE (Flyball, 89D, EV 88.1 MPH)
Batting: RHB Seth Rulo 0-0: Foul Ball, location: 5SF
0-1: Called Strike
0-2: Fly out, F6 (Line Drive, 6MD, EV 77.5 MPH)
Lined into DP, 6-4 (Line Drive, 6MD, EV 77.5 MPH)
Bottom of the 7th over - 0 runs, 1 hit, 0 errors, 0 left on base; Hillsboro 1 - Spokane 7
TOP OF THE 8TH
Hillsboro Hops batting - Pitching for Spokane Indians : RHP Chris Lewis
Batting: RHB Larry Wingo 0-0: Ball
1-0: Ball
2-0: Ball
3-0: Base on Balls
Batting: RHB David Grigg 0-0: Ball
1-0: Foul Ball, location: 25F
1-1: Fly out, F7 (Flyball, 7, EV 95.6 MPH)
Batting: RHB Paul Kish 0-0: Called Strike
0-1: Grounds into double play, 6-4-3 (Groundball, 6MD, EV 95.0 MPH)
Top of the 8th over - 0 runs, 0 hits, 0 errors, 0 left on base; Hillsboro 1 - Spokane 7
BOTTOM OF THE 8TH
Spokane Indians batting - Pitching for Hillsboro Hops : RHP Miguel Rico
Batting: LHB Branden Clark 0-0: Called Strike
0-1: Ground out 4-3 (Groundball, 4, EV 83.1 MPH)
Batting: RHB Kevin Norvell 0-0: Called Strike
0-1: Ball
1-1: Fly out, F4 (Popup, 34, EV 56.3 MPH)
Batting: SHB Pablo Cuevas 0-0: Ball
1-0: Swinging Strike
1-1: Ball
2-1: Foul Ball, location: 9LDF
2-2: Strikes out swinging
Bottom of the 8th over - 0 runs, 0 hits, 0 errors, 0 left on base; Hillsboro 1 - Spokane 7
TOP OF THE 9TH
Hillsboro Hops batting - Pitching for Spokane Indians : RHP Chris Lewis
Batting: SHB Brian Warfel 0-0: Ball
1-0: Fly out, F9 (Line Drive, 9S, EV 87.5 MPH)
Batting: LHB Alex Rosales 0-0: Ball
1-0: Ball
2-0: Called Strike
2-1: Foul Ball, location: 7LDF
2-2: Ball
3-2: SINGLE (Line Drive, 78S, EV 95.0 MPH)
Pitching: RHP Bryan Tuite
Batting: RHB Bobby Bye 0-0: Foul Ball, location: 5F
0-1: Swinging Strike
0-2: Strikes out swinging
Batting: LHB Mike Watson 0-0: 2-RUN HOME RUN (Flyball, 9D, EV 96.3 MPH), Distance : 373 ft
Batting: RHB Luke Arnold 0-0: Ball
1-0: Swinging Strike
1-1: Foul Ball, location: 5F
1-2: Ball
2-2: Strikes out looking
Top of the 9th over - 2 runs, 2 hits, 0 errors, 0 left on base; Hillsboro 3 - Spokane 7
Friday, April 12th , 2024 - OOTP Baseball 24.11 Build 85